 Dungeon Crawl Stone Soup version 0.19-a0-926-g4486784 (webtiles) character file.

94819 Gagarin the Severer (level 15, -2/211 HPs)
             Began as a Minotaur Berserker on July 6, 2016.
             Was a High Priest of Trog.
             Shot with a bolt by a naga sharpshooter (10 damage)
             ... led by Vashnia
             ... on level 3 of the Snake Pit.
             The game lasted 01:21:30 (20689 turns).

Gagarin the Severer (Minotaur Berserker)           Turns: 20689, Time: 01:21:32

Health: -2/211     AC: 27    Str: 27    XL:     15   Next: 64%
Magic:  14/15      EV:  2    Int:  4    God:    Trog [*****.]
Gold:   838        SH:  6    Dex: 11    Spells: 0 memorised, 14 levels left

rFire  . . .     SeeInvis +     v - +8 mithril axe "Arga" {speed, MR+}
rCold  . . .     Gourm    +     (armour currently unavailable)
rNeg   + + +     Faith    .     n - +0 buckler
rPois  +         Spirit   .     (helmet currently unavailable)
rElec  .         Dismiss  .     (cloak currently unavailable)
rCorr  +         Reflect  .     (gloves currently unavailable)
SustAt .         Harm     .     (boots currently unavailable)
MR     ++++.     NoTele   +     r - amulet of the gourmand
Stlth  ++++......               w - ring "Loshride" {rCorr +Inv rPois}
                                q - ring of see invisible

@: lethally poisoned (-2 -> -3), tree-form, very slightly contaminated,
regenerating, invisible, incredibly resistant to hostile enchantments, stealthy
A: (retaliatory headbutt), (horns 0), (fire resistance 0), mutation resistance 1
a: Berserk, Trog's Hand, Brothers in Arms, Burn Spellbooks, Renounce Religion,
Turn Visible


You were on level 3 of the Snake Pit.
You worshipped Trog.
Trog was extremely pleased with you.
You were full.
You were a tree.
You visited 4 branches of the dungeon, and saw 22 of its levels.

You collected 2952 gold pieces.
You spent 2114 gold pieces at shops.

Inventory:

Hand Weapons
 e - a +2 hunting sling of flaming
 l - the +5 battleaxe of Impermanence {speed, *Rage rC++ Str+4 SInv}
   (You found it on level 1 of the Snake Pit)

   Attacks with this weapon are significantly faster.
   It affects your strength (+4).
   It greatly protects you from cold.
   It lets you see invisible.
   It may make you go berserk in combat.
 u - a +2 battleaxe of flaming
 v - the +8 mithril axe "Arga" (weapon) {speed, MR+}
   (You bought it in a shop on level 4 of the Dungeon)

   Attacks with this weapon are significantly faster.
   It affects your resistance to hostile enchantments.
 N - a +3 executioner's axe of flaming
Missiles
 C - 4 silver javelins (quivered)
Armour
 m - a +4 ring mail (melded)
 n - a +0 buckler (worn)
 s - a +2 hat (melded)
 M - a +2 pair of gloves (melded)
 X - a +2 cloak (melded)
Jewellery
 q - a ring of see invisible (left branch)
 r - an amulet of the gourmand (around neck)
 w - the ring "Loshride" (right branch) {rCorr +Inv rPois}
   (You bought it in a shop on level 9 of the Dungeon)

   [ring of resist corrosion]

   It protects you from poison.
   It lets you turn invisible.
Wands
 i - a wand of slowing (23/48)
 t - a wand of iceblast (7/15)
 y - a wand of digging (6/24)
 B - a wand of flame (23/48)
Scrolls
 h - 4 scrolls of teleportation
 j - 5 scrolls of identify
 k - 4 scrolls of fog
 p - 3 scrolls of magic mapping
 z - 5 scrolls of blinking
 D - 2 scrolls of fear
 J - a scroll of enchant weapon
 L - 10 scrolls of remove curse
 V - 3 scrolls of enchant armour
Potions
 d - a potion of agility {unknown}
 f - a potion of cancellation
 g - 3 potions of lignification
 o - a potion of cure mutation
 E - a potion of resistance
 F - 10 potions of curing
 G - a potion of berserk rage
 S - 3 potions of haste
Miscellaneous
 Q - a fan of gales
 R - a phantom mirror
Comestibles
 a - 2 slices of pizza
 c - 14 bread rations
 x - 34 fruits
 A - a royal jelly
 I - 20 beef jerkies
 K - 4 meat rations


   Skills:
 + Level 15.4 Fighting
 + Level 18.4 Axes
 + Level 0.8 Throwing
 + Level 10.7 Armour
 + Level 14.6 Dodging
 + Level 5.3 Stealth
 + Level 10.1 Shields
 + Level 1.4 Evocations


You had 14 spell levels left.
You didn't know any spells.

Dungeon Overview and Level Annotations

Branches:
Dungeon (11/15)            Temple (0/1) D:6            Lair (6/6) D:8
  Swamp (0/4) Lair:4        Snake (3/4) Lair:2        Slime (0/5) Lair:5
    Orc (2/2) D:9             Elf (0/3) Orc:2

Altars:
Ashenzari
Cheibriados
Dithmenos
Elyvilon
Hepliaklqana
Nemelex Xobeh
Okawaru
Qazlal
Sif Muna
Trog
Uskayaw
Vehumet
Yredelemnul
Zin
Beogh

Shops:
D:4 (   D:9 =   Orc:1 ?   Orc:2 %?(}

Portals:
Pandemonium: Orc:2

Annotations:
Snake:3 Vashnia


Innate Abilities, Weirdness & Mutations

((You reflexively headbutt those who attack you in melee.))
((You have a pair of horns on your head.))
((Your flesh is heat resistant. (rF+)))
You are somewhat resistant to further mutation.


Message History

Okay, then.
You hit the salamander.
The salamander is heavily wounded.
You closely miss the naga.
You feel sick.
Vashnia gestures wildly while chanting.
The naga sharpshooter blinks!
The salamander blinks!
The naga sharpshooter blinks!
The salamander blinks!
The naga blinks!
You cannot teleport because you are held in place by your roots.
Vashnia shoots an arrow.
The arrow hits you!!
* * * LOW HITPOINT WARNING * * *
The arrow burns you.
* * * LOW HITPOINT WARNING * * *
The salamander mystic points at the naga sharpshooter and mumbles some strange words.
The naga sharpshooter seems to speed up.
The naga sharpshooter gestures wildly while chanting.
The naga sharpshooter magically shoots an arrow.
The arrow hits you!
* * * LOW HITPOINT WARNING * * *
The naga sharpshooter shoots a bolt.
The bolt hits you!
You die...

...#......# #..#......#
.... #..#......# .....
#..#......#...N...
#..#......#.......
#..#......#.......
#..###'####.NN..?.
#..........§NN....
(######........♣.§N.....
..............(§§§......
..............(((...N...
...........N....(....N..
...............(........
........................
................##......
..........##....# #.....
################# ##..#


You could see Vashnia, 4 naga sharpshooters, a salamander mystic, 2 salamanders
and a naga.

Vanquished Creatures
  Kirke (Lair:6)
  Frances (Snake:2)
  Maud (Lair:4)
  A greater naga (Snake:2)
  An orc warlord (Orc:2)
  Nessos (Orc:2)
  Josephine (Lair:5)
  Erolcha (D:8)
  Fannar (Lair:1)
  3 naga warriors (Snake:1)
  A catoblepas (Lair:6)
  9 anacondas
  10 death yaks
  5 orc high priests (Orc:2)
  4 naga sharpshooters
  A gelid demonspawn (Orc:2)
  2 naga ritualists (Snake:2)
  A torturous demonspawn (Orc:2)
  6 mana vipers
  3 orc knights (Orc:2)
  8 orc sorcerers (Orc:2)
  A griffon (Lair:6)
  2 manticores (Lair:6)
  A cyclops (Orc:1)
  16 black mambas
  2 salamanders (Snake:2)
  7 elephants (Lair:6)
  6 naga magi
  A torpor snail (Lair:6)
  Joseph (D:7)
  13 spiny frogs
  5 rime drakes
  An ice devil (Orc:2)
  4 komodo dragons
  4 trolls
  3 slime creatures (Lair:5)
  9 polar bears
  3 raiju (Lair:6)
  2 blink frogs (Lair:6)
  A boulder beetle (Lair:4)
  45 yaks
  3 wraiths (Lair:5)
  3 wyverns
  A shadow (D:11)
  6 hogs (Lair:6)
  2 basilisks
  Grum (Lair:1)
  A chaos spawn (Orc:2)
  10 hippogriffs
  Menkaure (D:5)
  14 nagas
  11 wargs
  5 hell hounds (Lair:6)
  9 water moccasins
  8 porcupines
  An ice beast (D:9)
  A sky beast (D:6)
  3 phantoms
  13 black bears (Lair:6)
  28 orc warriors
  8 ogres
  14 wolves
  6 centaurs
  13 crocodiles
  2 big kobolds
  13 giant frogs
  2 gnoll sergeants (D:6)
  2 scorpions
  10 killer bees
  2 giant frog zombies (D:9)
  5 crimson imps
  A quasit (D:10)
  17 hounds
  2 centaur skeletons
  28 orc priests
  4 jellies
  3 giant frog skeletons
  6 iguanas
  23 orc wizards
  5 worker ants
  20 sheep
  A howler monkey zombie (D:9)
  A worker ant zombie (D:11)
  3 gnolls (D:6)
  16 adders
  63 river rats
  A shadow imp (D:6)
  3 worms
  5 dart slugs
  5 giant geckos
  88 orcs
  2 ball pythons
  4 giant cockroaches
  A goblin (D:3)
  12 hobgoblins
  20 jackals
  2 quokkas (D:6)
  6 bats
  2 giant newts (D:1)
  18 kobolds
  A quokka zombie (D:5)
  8 rats
  6 fungi
  2 plants
766 creatures vanquished.

Vanquished Creatures (collateral kills)
  Rupert (Lair:4)
  3 hydras
  The ghost of Zebura the Spear-Bearer, a journeyman NaFi of Okawaru (Orc:2)
  An infernal demonspawn (Orc:2)
  An orc knight (Orc:2)
  A mana viper (Snake:1)
  A rust devil (Orc:2)
  A naga mage (Snake:1)
  A red devil (Orc:2)
  A ynoxinul (Orc:2)
  A naga (Snake:1)
  7 orc warriors (Orc:2)
  4 orc priests (Orc:2)
  4 orcs (Orc:2)
28 creatures vanquished.

Vanquished Creatures (others)
  An orc priest (Orc:2)
  A worm (D:2)
  A jackal (D:2)
  A bush (Lair:6)
  4 fungi
  6 plants
14 creatures vanquished.

Grand Total: 808 creatures vanquished

Notes
Turn   | Place    | Note
-------+----------+-------------------------------------------
     0 | D:1      | Gagarin the Minotaur Berserker began the quest for the Orb.
     0 | D:1      | Reached XP level 1. HP: 19/19 MP: 0/0
   173 | D:1      | Reached XP level 2. HP: 24/27 MP: 1/1
   263 | D:1      | You fall through a shaft!
   265 | D:2      | Reached skill level 4 in Axes
   267 | D:2      | Found a radiant altar of Vehumet.
   370 | D:2      | Found a snail-covered altar of Cheibriados.
   495 | D:2      | Reached XP level 3. HP: 33/33 MP: 2/2
   554 | D:2      | Reached ** piety under Trog
   769 | D:2      | Found a white marble altar of Elyvilon.
   833 | D:2      | Found a sparkling altar of Nemelex Xobeh.
  1093 | D:3      | Found a stormy altar of Qazlal.
  1113 | D:3      | Reached XP level 4. HP: 21/41 MP: 3/3
  1355 | D:3      | Noticed a dagger
  1357 | D:3      | Noticed a dagger
  1358 | D:3      | Found a hide-covered altar of Uskayaw.
  1678 | D:3      | Found a basalt altar of Yredelemnul.
  2016 | D:4      | Noticed a giant frog
  2020 | D:4      | Killed a giant frog
  2020 | D:4      | Reached skill level 5 in Fighting
  2020 | D:4      | Reached skill level 5 in Axes
  2020 | D:4      | Reached XP level 5. HP: 45/48 MP: 4/4
  2139 | D:4      | Found Ybues's Antique Weapon Emporium.
  2195 | D:4      | Got an ancient robe
  2204 | D:4      | Identified the cursed +1 robe of the First Snow {*Contam rF+ Int+4} (You found it on level 4 of the Dungeon)
  2558 | D:4      | Noticed a phantom
  2569 | D:4      | Killed a phantom
  2569 | D:4      | Reached XP level 6. HP: 55/56 MP: 5/5
  2699 | D:4      | Found a shadowy altar of Dithmenos.
  2795 | D:5      | Entered Level 5 of the Dungeon
  2796 | D:5      | Noticed a troll
  2810 | D:5      | Killed a troll
  2810 | D:5      | Reached skill level 5 in Armour
  2810 | D:5      | Reached skill level 1 in Stealth
  2810 | D:5      | Reached skill level 1 in Shields
  2810 | D:5      | Reached XP level 7. HP: 36/61 MP: 6/6
  3076 | D:5      | Noticed Menkaure
  3083 | D:5      | Killed Menkaure
  3164 | D:5      | Reached skill level 6 in Axes
  3318 | D:5      | Found a glowing silver altar of Zin.
  3506 | D:6      | Reached XP level 8. HP: 71/71 MP: 7/7
  3521 | D:6      | Reached skill level 5 in Dodging
  3675 | D:6      | Reached *** piety under Trog
  3736 | D:6      | Reached skill level 7 in Axes
  3776 | D:6      | HP: 3/73 [hound (2)]
  4236 | D:6      | Found a staircase to the Ecumenical Temple.
  4508 | D:6      | Noticed a moth of wrath
  4511 | D:6      | Found a bloodstained altar of Trog.
  4689 | D:7      | Found a stormy altar of Qazlal.
  4700 | D:7      | Reached **** piety under Trog
  4700 | D:7      | Reached XP level 9. HP: 59/79 MP: 8/8
  4811 | D:7      | Noticed Joseph
  4834 | D:7      | Killed Joseph
  4834 | D:7      | Reached skill level 8 in Axes
  5575 | D:7      | Found a shattered altar of Ashenzari.
  5801 | D:8      | Found an iron altar of Okawaru.
  5808 | D:8      | Noticed Erolcha
  5816 | D:8      | Killed Erolcha
  5816 | D:8      | Reached skill level 9 in Axes
  5881 | D:8      | Found a staircase to the Lair.
  5943 | D:8      | Reached skill level 5 in Shields
  5943 | D:8      | Reached XP level 10. HP: 90/90 MP: 9/9
  6148 | D:8      | You fall through a shaft for 3 floors!
  6430 | D:10     | Entered Level 10 of the Dungeon
  6440 | D:10     | Reached ***** piety under Trog
  6467 | D:9      | Found a hazy altar of Hepliaklqana.
  6554 | D:9      | Found a staircase to the Orcish Mines.
  6722 | D:8      | Reached skill level 10 in Axes
  6750 | D:9      | Found a basalt altar of Yredelemnul.
  6839 | D:9      | Found Lowy's Jewellery Shop.
  6842 | D:9      | Received a gift from Trog
  6843 | D:9      | Reached skill level 1 in Evocations
  6933 | D:9      | Reached skill level 10 in Dodging
  6943 | D:9      | Reached skill level 10 in Fighting
  6943 | D:9      | Reached XP level 11. HP: 48/99 MP: 10/10
  7107 | D:9      | Found a deep blue altar of Sif Muna.
  7322 | Lair:1   | Entered Level 1 of the Lair of Beasts
  7397 | Lair:1   | You fall through a shaft!
  7416 | Lair:2   | Reached skill level 11 in Axes
  7668 | Lair:1   | Noticed Grum
  7678 | Lair:1   | Received a gift from Trog
  7682 | Lair:1   | Killed Grum
  7842 | Lair:1   | Noticed Fannar
  7870 | Lair:1   | Killed Fannar
  9079 | Lair:2   | Found a staircase to the Snake Pit.
  9415 | Lair:2   | Reached skill level 12 in Axes
  9703 | Lair:3   | Got a spiked ring mail
  9704 | Lair:3   | Identified the +1 ring mail "Hismu" {MP+9} (You found it on level 3 of the Lair of Beasts)
 10099 | Lair:3   | Got a faintly glowing hand axe
 10100 | Lair:3   | Identified the +9 hand axe of Theory {chop, *Contam Str+4} (You found it on level 3 of the Lair of Beasts)
 10194 | Lair:3   | Noticed a five-headed hydra
 10210 | Lair:3   | Killed a five-headed hydra
 10334 | Lair:3   | You fall through a shaft for 3 floors!
 10334 | Lair:6   | Entered Level 6 of the Lair of Beasts
 10360 | Lair:6   | Reached XP level 12. HP: 94/110 MP: 10/12
 10486 | Lair:6   | Reached ****** piety under Trog
 10614 | Lair:6   | Noticed Kirke
 10626 | Lair:6   | Killed Kirke
 10626 | Lair:6   | Reached skill level 13 in Axes
 10825 | Lair:6   | Received a gift from Trog
 10831 | Lair:6   | Gained mutation: You tend to lose your temper in combat. [mutagenic glow]
 10833 | Lair:6   | Noticed a death yak
 10834 | Lair:6   | Noticed a catoblepas
 10834 | Lair:6   | Noticed a death yak
 10843 | Lair:6   | Killed a catoblepas
 10847 | Lair:6   | Killed a death yak
 10861 | Lair:6   | Killed a death yak
 10861 | Lair:6   | Reached XP level 13. HP: 38/119 MP: 4/13
 11023 | Lair:6   | Reached skill level 14 in Axes
 11515 | Lair:6   | Lost mutation: You tend to lose your temper in combat. [potion of cure mutation]
 11752 | Lair:6   | Received a gift from Trog
 12205 | Lair:5   | Reached skill level 15 in Axes
 12224 | Lair:5   | Got an ebony war axe
 12226 | Lair:5   | Identified the cursed +0 war axe of Haany {drain, Str+3} (You found it on level 5 of the Lair of Beasts)
 12241 | Lair:5   | Noticed Josephine
 12249 | Lair:5   | Killed Josephine
 12487 | Lair:5   | Found a staircase to the Slime Pits.
 12976 | Lair:4   | Reached XP level 14. HP: 129/129 MP: 4/14
 13110 | Lair:4   | Received a gift from Trog
 13176 | Lair:4   | Found a staircase to the Swamp.
 13184 | Lair:4   | Noticed Maud
 13195 | Lair:4   | Killed Maud
 13195 | Lair:4   | Reached skill level 16 in Axes
 13660 | Lair:4   | Noticed Rupert
 13668 | Lair:4   | Killed Rupert
 13677 | Lair:4   | Gained mutation: Your flesh is heat resistant. (rF+) [potion of mutation]
 13677 | Lair:4   | Gained mutation: You are somewhat resistant to further mutation. [potion of mutation]
 14971 | Orc:1    | Entered Level 1 of the Orcish Mines
 15211 | Orc:1    | Received a gift from Trog
 15397 | Orc:1    | Found Misk's Magic Scroll Shoppe.
 15400 | Orc:1    | Bought a scroll of identify for 28 gold pieces
 15400 | Orc:1    | Bought a scroll of identify for 28 gold pieces
 15566 | Orc:2    | Entered Level 2 of the Orcish Mines
 15748 | Orc:2    | Found Zuloerho's Food Shop.
 15750 | Orc:2    | Found Awunkop's Magic Scroll Boutique.
 15763 | Orc:2    | Reached skill level 10 in Armour
 16604 | Orc:2    | Paralysed by an orc sorcerer for 6 turns
 16612 | Orc:2    | Reached skill level 17 in Axes
 16624 | Orc:2    | Received a gift from Trog
 16642 | Orc:2    | Found Mehiucsa's Gadget Emporium.
 16642 | Orc:2    | Found a one-way gate leading to the halls of Pandemonium.
 16642 | Orc:2    | Found Pop Baip's Antique Weapon Shoppe.
 16716 | Orc:2    | Noticed Nessos
 16753 | Orc:2    | Noticed an orc warlord
 16765 | Orc:2    | Killed an orc warlord
 16897 | Orc:2    | Found a roughly hewn altar of Beogh.
 17024 | Orc:2    | Killed Nessos
 17063 | Orc:2    | Noticed Zebura's ghost (journeyman NaFi)
 17423 | Orc:2    | Found a staircase to the Elven Halls.
 17532 | Orc:2    | Killed Zebura's ghost
 17813 | D:4      | Bought the +8 mithril axe "Arga" {speed, MR+} for 1485 gold pieces
 17920 | D:9      | Bought the ring "Loshride" {rCorr +Inv rPois} for 573 gold pieces
 18012 | Snake:1  | Entered Level 1 of the Snake Pit
 18361 | Snake:1  | Reached XP level 15. HP: 121/139 MP: 15/15
 18388 | Snake:1  | Got a dazzling battleaxe
 18404 | Snake:1  | Identified the +5 battleaxe of Impermanence {speed, *Rage rC++ Str+4 SInv} (You found it on level 1 of the Snake Pit)
 18808 | Snake:1  | Reached skill level 10 in Shields
 19047 | Snake:2  | Reached skill level 5 in Stealth
 19261 | Snake:2  | Reached skill level 15 in Fighting
 19334 | Snake:2  | Noticed Frances
 19342 | Snake:2  | Killed Frances
 19456 | Snake:2  | Reached skill level 18 in Axes
 19536 | Snake:2  | Noticed a greater naga
 19541 | Snake:2  | Received a gift from Trog
 19552 | Snake:2  | Killed a greater naga
 20670 | Snake:3  | Noticed Vashnia
 20689 | Snake:3  | HP: 8/211 [naga sharpshooter/arrow[Vashnia] (7)]
 20689 | Snake:3  | Shot with a bolt by a naga sharpshooter

Vault maps used:
D:1:      zelgadis_glass_arrival_large
D:2:      nicolae_overflow_crystal_walls, cheibriados_altar_1,
          fiery_altar_vehumet, nemelex_spade_bored_becter
D:3:      yredelemnul_altar_generic, dancing_weapons_uskayaw, first_bread,
          kennysheep_minor_cross, nicolae_qazlal_general_emergency
D:4:      nicolae_overflow_hidden_temple, serial_shops, nicolae_shop_waterfront
D:5:      lemuel_round_altar, uniq_menkaure
D:6:      kennysheep_housing_project, tgw_trog
D:7:      ashenzari_altar_1, old_standard_altar, uniq_joseph
D:8:      okawaru_trees_1, lair_0_dummy, uniq_erolcha
D:9:      lemuel_blue_sif_altar, kennysheep_little_box, orc_david_3,
          basic_altar, serial_shops, shop_fountains
D:10:     hangedman_pestilent_swarm, nemelex_xobeh_ov_fountains_minmay,
          uniq_nergalle, uniq_gastronok
Lair:1:   lemuel_fruit_tree, lemuel_fruit_fields, uniq_grum, uniq_fannar
Lair:2:   dummy_snake_entry, grunt_megastairs_5
Lair:4:   swamp_mist, grunt_megastairs_4, bh_autumn_forest_stairs, uniq_rupert,
          uniq_maud
Lair:5:   minmay_slime_entry_pillars, uniq_josephine
Lair:6:   hangedman_lair_caniforms_friends, hangedman_lair_in_review,
          st_stairs_6, minivault_24, uniq_kirke
Snake:1:  grunt_megastairs_1
Snake:2:  nicolae_snake_biting_tails, uniq_frances
Snake:3:  basic_altar, uniq_vashnia
Orc:1:    serial_shops, nicolae_shop_behind_doors
Orc:2:    pf_orc_diabolical, bh_open_orc_temple, uniq_nessos

Skill      XL: |  1  2  3  4  5  6  7  8  9 10 11 12 13 14 15 |
---------------+----------------------------------------------+-----
Axes           | 4 5 6 7 9 10 12 13 15 17 18 | 18.4
Fighting       | 4 5 6 7 8 10 11 12 13 14 15 | 15.4
Armour         | 3 4 5 6 7 8 9 10 | 10.7
Dodging        | 3 4 5 8 10 11 12 13 14 | 14.6
Stealth        | 1 2 3 4 5 |  5.3
Shields        | 1 3 5 7 8 9 10 | 10.1
Evocations     | 1 |  1.4
Throwing       | |  0.8

Action                   |  1- 3 |  4- 6 |  7- 9 | 10-12 | 13-15 || total
-------------------------+-------+-------+-------+-------+-------++-------
Melee: Hand axe          |    75 |    71 |   329 |   180 |       ||   655
       Headbutt          |    13 |     7 |    59 |   122 |   197 ||   398
       War axe           |       |       |       |   342 |       ||   342
       Broad axe         |       |       |       |    15 |   802 ||   817
       Battleaxe         |       |       |       |       |     3 ||     3
Throw: Stone             |     2 |       |       |       |       ||     2
       Javelin           |       |       |     5 |       |       ||     5
Invok: Berserk           |     2 |     2 |     9 |     8 |    15 ||    36
       Trog's Hand       |     1 |       |     4 |     2 |     2 ||     9
       Burn Spellbooks   |       |       |     1 |     2 |     3 ||     6
       Brothers in Arms  |       |       |       |     1 |     7 ||     8
 Abil: Evoke Invisibilit |       |       |       |       |     1 ||     1
Evoke: Wand              |       |       |     4 |     7 |       ||    11
  Use: Scroll            |       |     3 |     7 |    15 |    13 ||    38
       Potion            |       |       |     3 |       |    15 ||    18
 Stab: Sleeping          |       |       |       |     4 |     5 ||     9
       Petrified         |       |       |       |     2 |       ||     2
       Distracted        |       |       |       |       |     3 ||     3
  Eat: Chunk             |     1 |     8 |    38 |    25 |    50 ||   122
Armor: Animal skin       |     4 |       |       |       |       ||     4
       Ring mail         |    23 |    20 |    49 |    93 |   223 ||   408
       Troll hide        |       |       |     8 |       |       ||     8
       Troll leather arm |       |       |    16 |    93 |       ||   109
       Skin              |       |       |       |     1 |     1 ||     2
Dodge: Dodged            |    41 |    42 |   201 |   404 |   432 ||  1120
Block: Buckler           |     2 |    12 |    63 |   119 |   182 ||   378
